 Dungeon Sprint DCSS version 0.29.1-15-g9cfb28693d (webtiles) character file.

Game seed: 15564942315859683747

300 boopmooplesden the Cruncher (level 7, 0/99 HPs)
             Began as a Minotaur Gladiator on Mar 20, 2023.
             Was an Elder of Trog.
             Succumbed to Aizul's poison arrow
             ... in the Dungeon (Sprint VI: "Thunderdome").
             The game lasted 00:04:21 (673 turns).

boopmooplesden the Cruncher (Minotaur Gladiator)     Turns: 673, Time: 00:04:21

Health: 0/99       AC:  4    Str: 20    XL:     7   Next: 79%
Magic:  15/15      EV: 20    Int:  5    God:    Trog [****..]
Gold:   15         SH:  5    Dex: 21    Spells: 6/6 levels left

rFire   + . .      SeeInvis .   m - +0 lajatang
rCold   x . .      Faith    .   (shield currently unavailable)
rNeg    + + +      Spirit   .   v - +2 robe {rC+}
rPois   .          Reflect  +   c - +0 hat
rElec   +          Harm     +   (no cloak)
rCorr   +          Rampage  .   (no gloves)
Will    ++...      NoTele   +   (no boots)
Stlth   ..........              r - amulet of Kuhoikkirel {Reflect Harm *Slow rN++ SH+5 Stlth+}
HPRegen 1.26/turn               p - ring of No Interval {Fire rCorr Dex+9 Slay+2 Stlth-}
MPRegen 0.14/turn               q - ring of Utoovaal {rElec rC- rN+++ rCorr MP+9}

@: berserking, lethally poisoned (0 -> -10), strong-willed, regenerating, very
quick
A: horns 2, retaliatory headbutt
a: Renounce Religion, Berserk, Trog's Hand, Brothers in Arms


You were in the Dungeon.
You worshipped Trog.
Trog was greatly pleased with you.
You visited 1 branch You collected 600 gold pieces.
You spent 585 gold pieces at shops.

Inventory:

Hand Weapons
 a - a +0 quarterstaff
 m - a +0 lajatang (weapon)
 t - a +3 spectral club
Missiles
 d - 3 throwing nets (quivered)
 e - a javelin
Armour
 b - a +0 leather armour
 c - a +0 hat (worn)
 u - a +0 ring mail
 v - a +2 robe of cold resistance (worn)
Jewellery
 p - the ring of No Interval (left hand) {Fire rCorr Dex+9 Slay+2 Stlth-}
   (You bought it in a shop in the Dungeon)

   [ring of fire]

   It enhances your fire magic.
   Dex:       It affects your dexterity (+9).
   Slay:      It affects your accuracy & damage with ranged weapons and melee
   (+2).
   rF:        It protects you from fire.
   rC:        It makes you vulnerable to cold.
   rCorr:     It protects you from acid and corrosion.
   Stlth:     It makes you less stealthy.
 q - the ring of Utoovaal (right hand) {rElec rC- rN+++ rCorr MP+9}
   (You bought it in a shop in the Dungeon)

   [ring of magical power]

   rC:        It makes you vulnerable to cold.
   rElec:     It insulates you from electricity.
   rN:        It renders you almost immune to negative energy.
   MP:        It affects your magic capacity (+9).
   rCorr:     It protects you from acid and corrosion.
 r - the amulet of Kuhoikkirel (around neck) {Reflect Harm *Slow rN++ SH+5 Stlth+}
   (You bought it in a shop in the Dungeon)

   [amulet of reflection]

   It reflects blocked missile attacks.
   rN:        It greatly protects you from negative energy.
   *Slow:     It may slow you when you take damage.
   SH:        It affects your SH (+5).
   Harm:      It increases damage dealt and taken.
   Stlth:     It makes you more stealthy.
Wands
 f - a wand of paralysis (1)
 n - a wand of roots (4)
Scrolls
 k - 3 scrolls of blinking
 o - 3 scrolls of butterflies
Potions
 g - 4 potions of heal wounds
 h - 4 potions of haste
 i - 2 potions of magic
 j - a potion of berserk rage
 l - a potion of resistance
 s - a potion of cancellation {unknown}


   Skills:
 + Level 7.1 Fighting
 + Level 13.6 Staves
 + Level 5.6 Throwing
 + Level 5.1 Armour
 + Level 10.4 Dodging
 + Level 0.3 Stealth
 + Level 3.0 Shields
 + Level 1.3 Evocations


You had 6 spell levels left.
You didn't know any spells.
Your spell library was empty.

Dungeon Overview and Level Annotations

Branches:
Dungeon (1/1)

Altars:
Cheibriados
Dithmenos
Fedhas
Gozag
Kikubaaqudgha
Makhleb
Okawaru
Qazlal
Ru
Sif Muna
Trog
Uskayaw
Vehumet
Wu Jian
Xom
Yredelemnul
Zin
The Shining One
Lugonu

Shops:
D *[??*?*:[((!!!!

Annotations:
D Aizul


Innate Abilities, Weirdness & Mutations

You have a pair of horns on your head.
You reflexively headbutt those who attack you in melee.


Message History

You struggle to resist.
Aizul shouts!
Aizul casts a spell at you. The bolt of poison misses you.
Your skin crawls.
You feel strong-willed. Trog will no longer gift you weapons.
Aizul coils herself and waves her upper body at you.
The poison arrow hits you!!
You are poisoned.
A red film seems to cover your vision as you go berserk!
You feel yourself moving faster!
You feel mighty!
You feel very sick. You block Aizul's attack. x2
You slash Aizul! Your headbutt misses Aizul.
Aizul is lightly wounded.
You feel sick.
You miss Aizul.
Aizul is lightly wounded.
You feel sick. Aizul closely misses you. You furiously retaliate!
You headbutt Aizul! You barely miss Aizul.
Aizul is moderately wounded.
You feel sick. Aizul hits you!!
You closely miss Aizul.
Aizul is moderately wounded.
You feel sick.
You slice Aizul!! Your headbutt misses Aizul.
Aizul is heavily wounded.
You feel sick. Aizul misses you.
You closely miss Aizul.
Aizul is heavily wounded.
You feel sick.
Aizul coils herself and waves her upper body at you.
The poison arrow hits you!!
You are more poisoned.
* * * LOW HITPOINT WARNING * * *
You slash Aizul!
Aizul is heavily wounded.
You die...

##.....## ##∩.....∩##
#∩.......∩# #_......._#
#..(....._# #_....).._#
###....)[.).### #⌠...).).....⌠#
######.8...@.....8.######
##._._....(S###..[...___∩##
###∩........8.# #.8........∩###
##........)....###)............#
#⌠..........###...###..........⌠
#⌠..........# #.<.# #..........⌠
#⌠.........)###.S.###..........⌠
##.............###.............#
###∩........8.# #.8........∩###


You could see Aizul.

Vanquished Creatures
  Pikel (D)
  7 vampire bats (D)
  Jessica (D)
  Ijyb (D)
  2 adders (D)
  2 orcs (D)
  A hobgoblin (D)
  A ball python (D)
  2 goblins (D)
  5 kobolds (D)
23 creatures vanquished.

Vanquished Creatures (others)
  A kobold brigand (D)
  A kobold (D)
2 creatures vanquished.

Grand Total: 25 creatures vanquished

Notes
Turn   | Place    | Note
-------+----------+-------------------------------------------
     0 | D        | boopmooplesden the Minotaur Gladiator began the quest for
                  | the Orb.
     0 | D        | Reached XP level 1. HP: 18/18 MP: 0/0
     3 | D        | Found a burning altar of Makhleb.
     4 | D        | Found a sacrificial altar of Ru.
     4 | D        | Found a blossoming altar of Fedhas.
     5 | D        | Found a shimmering altar of Xom.
     5 | D        | Round 1.
     6 | D        | Found Vaggofih's Identification Station.
     6 | D        | Found an ornate altar of the Wu Jian Council.
     7 | D        | Found Doitren's Advanced Armour.
     7 | D        | Found Luhuqius's Jewellery.
     9 | D        | Found a basalt altar of Yredelemnul.
    15 | D        | Bought a transparent lapis lazuli ring for 45 gold pieces
    15 | D        | Identified the ring of No Interval {Fire rCorr Dex+9 Slay+2
                  | Stlth-} (You bought it in a shop in the Dungeon)
    15 | D        | Bought a transparent bone ring for 45 gold pieces
    15 | D        | Identified the ring of Utoovaal {rElec rC- rN+++ rCorr
                  | MP+9} (You bought it in a shop in the Dungeon)
    15 | D        | Bought a crude crystal amulet for 45 gold pieces
    15 | D        | Identified the amulet of Kuhoikkirel {Reflect Harm *Slow
                  | rN++ SH+5 Stlth+} (You bought it in a shop in the Dungeon)
    27 | D        | Found a hide-covered altar of Uskayaw.
    28 | D        | Found Zoathrac's Premium Goods.
    29 | D        | Found Hogef's Miscellaneous Merchandise.
    29 | D        | Found Eterch's Basic Armour.
    30 | D        | Found a glowing golden altar of the Shining One.
    30 | D        | Found a glowing silver altar of Zin.
    30 | D        | Found Baegom's Weapon Rack.
    36 | D        | Reached skill level 4 in Staves
    36 | D        | Reached XP level 2. HP: 25/25 MP: 1/1
    38 | D        | Found an iron altar of Okawaru.
    39 | D        | Found a stormy altar of Qazlal.
    40 | D        | Found a corrupted altar of Lugonu.
    41 | D        | Found Jemig's Do-It-Yourself Clinic.
    41 | D        | Found a snail-covered altar of Cheibriados.
    41 | D        | Found a radiant altar of Vehumet.
    41 | D        | Found an opulent altar of Gozag.
    41 | D        | Found Awkiukho's Distillery.
    42 | D        | Found Zinum's Bottled Wisdom.
    42 | D        | Found Fieler's Distillery.
    44 | D        | Reached skill level 5 in Staves
    48 | D        | Found an ancient bone altar of Kikubaaqudgha.
    49 | D        | Found a bloodstained altar of Trog.
    50 | D        | Found a shadowy altar of Dithmenos.
    51 | D        | Found a shimmering blue altar of Sif Muna.
    51 | D        | Found Ryned's Staff Store.
    51 | D        | Found Silos Yda's Magic Scroll Shop.
    52 | D        | Found Suuw Muabb's Must-Have Magic.
    52 | D        | Found Ysyunuc's Magic Scroll Shop.
    67 | D        | Became a worshipper of Trog the Wrathful
    90 | D        | Noticed Jessica
   109 | D        | Killed Jessica
   109 | D        | Arena points: 14 (+14) [x2]
   110 | D        | Reached skill level 6 in Staves
   110 | D        | Reached skill level 5 in Dodging
   110 | D        | Reached XP level 3. HP: 20/31 MP: 2/2
   168 | D        | Round 2.
   173 | D        | Noticed a kobold brigand
   177 | D        | Reached * piety under Trog
   183 | D        | Killed a kobold brigand
   184 | D        | Reached skill level 8 in Staves
   184 | D        | Reached XP level 4. HP: 21/40 MP: 3/3
   211 | D        | Noticed Ijyb
   220 | D        | Paralysed by Ijyb for 4 turns
   225 | D        | Killed Ijyb
   226 | D        | Reached skill level 1 in Armour
   226 | D        | Reached skill level 1 in Shields
   226 | D        | Reached XP level 5. HP: 23/47 MP: 4/4
   238 | D        | Noticed Pikel
   244 | D        | Killed Pikel
   244 | D        | Reached ** piety under Trog
   244 | D        | Arena points: 56 (+42) [x3]
   245 | D        | Reached skill level 12 in Staves
   245 | D        | Reached skill level 5 in Throwing
   245 | D        | Reached XP level 6. HP: 41/58 MP: 5/5
   245 | D        | Reached XP level 7. HP: 45/64 MP: 6/6
   316 | D        | Round 3.
   372 | D        | Reached *** piety under Trog
   401 | D        | Arena points: 140 (+84) [x4]
   461 | D        | Round 4.
   525 | D        | Reached skill level 13 in Staves
   525 | D        | Reached skill level 10 in Dodging
   582 | D        | Reached **** piety under Trog
   586 | D        | Reached skill level 1 in Evocations
   605 | D        | Reached skill level 5 in Armour
   610 | D        | Reached ***** piety under Trog
   610 | D        | Arena points: 300 (+160) [x5]
   633 | D        | Bought a +0 lajatang for 450 gold pieces
   654 | D        | Round 5.
   655 | D        | Noticed Aizul
   672 | D        | HP: 2/99 [Aizul/poison arrow (30)]
   673 | D        | Succumbed to Aizul's poison arrow

Illustrated notes

Levels and vault maps discovered:
D:        arena_sprint

Skill      XL: |  1  2  3  4  5  6  7 |
---------------+----------------------+-----
Staves         | 4 6 8 12 13 | 13.6
Dodging        | 4 5 6 9 10 | 10.4
Fighting       | 3 4 6 7 |  7.1
Throwing       | 3 5 |  5.6
Armour         | 1 4 5 |  5.1
Shields        | 1 2 3 |  3.0
Evocations     | 1 |  1.3
Stealth        | |  0.3

Action                   |  1- 3 |  4- 6 |  7- 9 || total
-------------------------+-------+-------+-------++-------
Melee: Quarterstaff      |    17 |     7 |    10 ||    34
       Headbutt          |     1 |       |     4 ||     5
       Lajatang          |       |       |     7 ||     7
Invok: Berserk           |       |     1 |     1 ||     2
       Trog's Hand       |       |       |     1 ||     1
Evoke: Wand              |       |       |     7 ||     7
  Use: Potion            |       |     1 |       ||     1
       Scroll            |       |       |     1 ||     1
Armor: Leather armour    |     1 |       |       ||     1
       Robe              |       |       |     3 ||     3
Dodge: Dodged            |     9 |     3 |    19 ||    31
Block: Other             |     3 |       |     7 ||    10
       Reflection        |     1 |       |     1 ||     2
